 Dungeon Crawl Stone Soup version 0.21.1-1-g345015f (console) character file.

1121 bolko the Conjurer (level 8, -7/52 HPs)
             Began as a Demonspawn Air Elementalist on July 27, 2018.
             Was an Initiate of Ru.
             Shot with an arrow by a centaur (14 damage)
             ... on level 7 of the Dungeon.
             The game lasted 00:18:08 (5869 turns).

bolko the Conjurer (Demonspawn Air Elementalist)    Turns: 5869, Time: 00:18:09

Health: -7/52      AC:  6    Str: 11    XL:     8   Next: 12%
Magic:  11/11      EV: 12    Int: 17    God:    Ru [......]
Gold:   163        SH:  0    Dex: 13    Spells: 8/11 levels left

rFire    . . .     SeeInvis .   q - staff of air
rCold    . . .     Gourm    .   (no shield)
rNeg     . . .     Faith    .   e - +2 leather armour {MR+}
rPois    .         Spirit   .   o - +0 helmet
rElec    +         Reflect  .   (no cloak)
rCorr    .         Harm     .   (no gloves)
MR       +....                  (no boots)
Stlth    ++........             (no amulet)
HPRegen  0.17/turn              (no ring)
MPRegen  0.12/turn              (no ring)

@: no status effects
A: talons 1, powered by death 2, spiny 1
a: Renounce Religion


You were on level 7 of the Dungeon.
You worshipped Ru.
Ru was noncommittal.
You were hungry.

You visited 1 branch of the dungeon, and saw 7 of its levels.

You collected 163 gold pieces.

Inventory:

Hand Weapons
 f - a +0 spear
 l - a +1 vampiric hand axe
Armour
 a - a +0 robe
 e - a +2 leather armour of magic resistance (worn)
 o - a +0 helmet (worn)
Magical Staves
 q - an uncursed staff of air (weapon)
Wands
 c - a wand of enslavement (16)
 r - a wand of flame (21)
Scrolls
 j - 2 scrolls of fog
 m - a scroll of teleportation
 p - 3 scrolls of remove curse
 t - 2 scrolls of identify
Potions
 d - 2 potions of might
 g - a potion of haste
 i - 2 potions of degeneration {unknown}
 n - a potion of curing
Books
 b - a book of Air

   Spells                             Type                      Level
   a - Shock                          Conjuration/Air              1
   b - Swiftness                      Charms/Air                   2
   c - Static Discharge               Conjuration/Air              3
   d - Airstrike                      Air                          4
   e - Lightning Bolt                 Conjuration/Air              5
 k - a book of Changes

   Spells                             Type                      Level
   a - Beastly Appendage              Transmutation                1
   b - Sticks to Snakes               Transmutation                2
   c - Spider Form                    Transmutation/Poison         3
   d - Ice Form                       Ice/Transmutation            4
   e - Blade Hands                    Transmutation                5
 s - a book of Minor Magic

   Spells                             Type                      Level
   a - Magic Dart                     Conjuration                  1
   b - Blink                          Translocation                2
   c - Call Imp                       Summoning                    2
   d - Slow                           Hexes                        2
   e - Conjure Flame                  Conjuration/Fire             3
   f - Mephitic Cloud                 Conjuration/Poison/Air       3
Comestibles
 h - 7 rations


   Skills:
 - Level 1.7 Dodging
 - Level 1.7 Stealth
 - Level 2.0 Spellcasting
 + Level 6.8 Conjurations
 + Level 6.8 Air Magic


You had 8 spell levels left.
You knew the following spells:

 Your Spells              Type           Power        Failure   Level  Hunger
a - Shock                 Conj/Air       ####         1%          1    #......
s - Swiftness             Chrm/Air       ###.....     10%         2    ###....


Dungeon Overview and Level Annotations

Branches:
Dungeon (7/15)
 Temple: D:4-7

Altars:
Fedhas
Kikubaaqudgha
Ru
Zin
The Shining One

Shops:
D:4 (

Annotations:
D:2 1 runed door
D:5 Dowan, Duvessa


Innate Abilities, Weirdness & Mutations

You have sharp toenails.
You regenerate health from kills.
You are partially covered in sharp spines.


Message History

The ice beast is struck by your spines.
The ice beast hits you but does no damage.
The ice beast hits you. The ice beast freezes you!
* * * LOW HITPOINT WARNING * * *
The quokka is struck by your spines.
You kill the quokka!
The ice beast misses you.
The centaur wields an uncursed shortbow.
The centaur shoots an arrow.
The arrow closely misses you.
The centaur shoots an arrow.
The arrow hits you!
* * * LOW HITPOINT WARNING * * *
You see here 2 arrows.
The centaur shoots an arrow.
The arrow barely misses you.
The centaur shoots an arrow.
The arrow hits you!
* * * LOW HITPOINT WARNING * * *
You see here an arrow.
The centaur shoots an arrow.
The arrow barely misses you.
You see here an arrow.
The centaur shoots an arrow.
The arrow hits you!
You die...

#{ #### #......## #. #....
###$#### #o ##.... #.# #o
#####....... ##.####. .....
.Y..##....... #...# #.....#####
#...# ###.#.# #..#### #..#h###
...#######Y#@..## #.##...##
#........#..Y....####.####..##
#...####...Y#.....<...##......
#.....(.....c...####.....#####
##?............(#......#### .. #
#.........$.(......##....[#..%
#.#.....................###.....
#[............(.(#..##..# ##...$
.............?...(.((.#....##...


You could see 2 ice beasts and a centaur.

Vanquished Creatures
  Sigmund (D:4)
  Menkaure (D:4)
  A water moccasin (D:5)
  A black bear (D:7)
  A phantom (D:5)
  An ogre (D:4)
  Blork the orc (D:4)
  An iguana (D:7)
  A scorpion (D:5)
  A centaur zombie (D:6)
  A jelly (D:5)
  4 hounds
  An orc priest (D:3)
  A centaur skeleton (D:7)
  4 worker ants
  4 gnolls (D:2)
  A shadow imp (D:5)
  2 oozes
  An adder skeleton (D:4)
  2 dart slugs (D:2)
  2 leopard geckos
  14 orcs
  2 giant cockroaches
  4 goblins
  3 hobgoblins (D:1)
  8 jackals
  A quokka (D:7)
  7 bats
  6 frilled lizards
  3 kobolds
  3 rats
84 creatures vanquished.

Vanquished Creatures (collateral kills)
  A hound (D:7)
  An adder (D:7)
  A leopard gecko (D:7)
  An orc (D:7)
4 creatures vanquished.

Grand Total: 88 creatures vanquished

Notes
Turn   | Place    | Note
-------+----------+-------------------------------------------
     0 | D:1      | bolko the Demonspawn Air Elementalist began the quest for the Orb.
     0 | D:1      | Reached XP level 1. HP: 13/13 MP: 3/3
   730 | D:1      | Gained mutation: You regenerate a little health from kills. [demonic ancestry]
   730 | D:1      | Reached XP level 2. HP: 13/19 MP: 0/5
   953 | D:1      | Learned a level 2 spell: Swiftness
  1590 | D:2      | Found a blossoming altar of Fedhas.
  1603 | D:2      | Reached XP level 3. HP: 24/24 MP: 2/6
  1836 | D:2      | Found a runed door.
  2138 | D:2      | Found an ancient bone altar of Kikubaaqudgha.
  2139 | D:2      | Found a glowing golden altar of the Shining One.
  2266 | D:2      | Reached XP level 4. HP: 30/30 MP: 3/7
  3039 | D:3      | Found a sacrificial altar of Ru.
  3519 | D:4      | Noticed Blork the orc
  3587 | D:4      | Gained mutation: You regenerate health from kills. [demonic ancestry]
  3587 | D:4      | Reached XP level 5. HP: 35/35 MP: 5/8
  3593 | D:5      | Entered Level 5 of the Dungeon
  3606 | D:5      | Noticed a water moccasin
  3856 | D:5      | Killed a water moccasin
  3942 | D:5      | Reached XP level 6. HP: 41/41 MP: 6/9
  4029 | D:5      | Reached skill level 5 in Air Magic
  4254 | D:5      | Found a glowing silver altar of Zin.
  4285 | D:5      | Reached skill level 5 in Conjurations
  4301 | D:5      | Noticed Duvessa
  4526 | D:4      | Noticed Menkaure
  4555 | D:3      | Gained mutation: You have sharp toenails. [demonic ancestry]
  4555 | D:3      | Reached XP level 7. HP: 39/46 MP: 4/10
  4604 | D:3      | Became a worshipper of Ru the Awakened
  4713 | D:4      | Noticed Sigmund
  4741 | D:4      | Found Dejac's Antique Weapon Shoppe.
  4773 | D:4      | Killed Blork the orc
  4776 | D:4      | Killed Menkaure
  4782 | D:4      | Killed Sigmund
  5278 | D:5      | Noticed Dowan
  5767 | D:7      | Gained mutation: You are partially covered in sharp spines. [demonic ancestry]
  5767 | D:7      | Reached XP level 8. HP: 44/52 MP: 11/11
  5869 | D:7      | Shot with an arrow by a centaur

Skill      XL: |  1  2  3  4  5  6  7 |
---------------+----------------------+-----
Air Magic      | 3 4 5 6 |  6.8
Conjurations   | 2 3 4 5 6 |  6.8
Dodging        | |  1.7
Stealth        | |  1.7
Spellcasting   | |  2.0

Action                   |  1- 3 |  4- 6 |  7- 9 || total
-------------------------+-------+-------+-------++-------
Melee: Spear             |     3 |    14 |     3 ||    20
       Unarmed           |     1 |       |       ||     1
       Staff             |       |       |     2 ||     2
       Kick              |       |       |     1 ||     1
 Cast: Shock             |    70 |    93 |    60 ||   223
Evoke: Wand              |       |       |     6 ||     6
  Use: Scroll            |       |    12 |     1 ||    13
       Potion            |       |       |     8 ||     8
 Stab: Sleeping          |     1 |       |       ||     1
  Eat: Chunk             |     3 |     4 |     4 ||    11
       Ration            |     1 |     1 |       ||     2
Armor: Robe              |     1 |    11 |     7 ||    19
       Leather armour    |       |       |    24 ||    24
       Skin              |       |       |     4 ||     4
Dodge: Dodged            |    18 |    46 |    62 ||   126
